 Dungeon Crawl Stone Soup version 0.27.1-4-g1640c2035a (webtiles) character file.

Game seed: 10993980824366459008

86 zeram the Poker (level 4, -1/35 HPs)
             Began as a Merfolk Fighter on Nov 12, 2021.
             Succumbed to a water moccasin's poison
             ... in a sewer.
             The game lasted 00:03:21 (2055 turns).

zeram the Poker (Merfolk Fighter)                   Turns: 2055, Time: 00:03:22

Health: -1/35      AC:  6    Str: 16    XL:     4   Next: 49%
Magic:  4/4        EV:  6    Int:  8    God:
Gold:   128        SH:  9    Dex: 13    Spells: 3/3 levels left

rFire    . . .     SeeInvis .   a - +0 trident
rCold    . . .     Faith    .   c - +0 kite shield
rNeg     . . .     Spirit   .   b - +0 scale mail
rPois    .         Reflect  .   (no helmet)
rElec    .         Harm     .   (no cloak)
rCorr    .         Rampage  .   (no gloves)
Will     .....                  (no boots)
Stlth    ..........             (no amulet)
HPRegen  0.11/turn              (no ring)
MPRegen  0.09/turn              (no ring)

@: mighty, lethally poisoned (-1 -> -21)
A: (nimble swimmer 2), mertail
a: no special abilities


You were in a sewer.
You visited 1 branch of the dungeon, and saw 3 of its levels.
You also visited: Sewer.

You collected 128 gold pieces.

Inventory:

Hand Weapons
 a - a +0 trident (weapon)
Armour
 b - a +0 scale mail (worn)
 c - a +0 kite shield (worn)
Potions
 f - a potion of curing {unknown}
 i - a potion of heal wounds {unknown}
 j - a potion of invisibility
 k - a potion of attraction {unknown}


   Skills:
 - Level 3.2 Fighting
 + Level 6.7 Polearms
 - Level 2.1 Armour
 - Level 3.0 Shields


You had 3 spell levels left.
You didn't know any spells.
Your spell library contained the following spells:

 Spells                   Type           Power      Damage    Failure   Level
 Freeze                   Ice            0%         1d3       100%        1
 Frozen Ramparts          Ice            0%         1d2       100%        3
 Hailstorm                Conj/Ice       0%         3d3       100%        4


Dungeon Overview and Level Annotations

Branches:
Dungeon (3/15)              Sewer (1/1)

Altars:


Innate Abilities, Weirdness & Mutations

((You are quick and stealthy near water. (Stealth+, EV+, Speed+++)))
Your lower body shifts to a powerful aquatic tail in water.


Message History

You barely miss the water moccasin. You block the water moccasin's attack.
You miss the water moccasin.
The water moccasin completely misses you.
The water moccasin bites you.
You hit the water moccasin.
The water moccasin is lightly wounded.
The water moccasin bites you.
You are poisoned.
The water moccasin poisons you! The water moccasin bites you.
Your shield prevents you from hitting the water moccasin.
The water moccasin is lightly wounded.
You feel very sick.
The water moccasin bites you but does no damage.
You hit the water moccasin.
The water moccasin is moderately wounded.
You feel very sick. The water moccasin closely misses you.
The water moccasin bites you.
You are too injured to fight recklessly!
You are too injured to fight recklessly!
You are too injured to fight recklessly!
You are too injured to fight recklessly!
You are too injured to fight recklessly!
You are too injured to fight recklessly!
You are too injured to fight recklessly!
You are too injured to fight recklessly!
You are too injured to fight recklessly!
You are too injured to fight recklessly!
You are too injured to fight recklessly!
You are too injured to fight recklessly!
You feel very mighty all of a sudden.
You feel sick. The water moccasin bites you.
You closely miss the water moccasin.
The water moccasin is moderately wounded.
You feel sick. The water moccasin bites you!
* * * LOW HITPOINT WARNING * * *
You are more poisoned.
The water moccasin poisons you! The water moccasin barely misses you.
Your shield and scale mail prevent you from hitting the water moccasin.
The water moccasin is moderately wounded.
You die...

#.# ####### #.#
##.....## #.#
#...≈...## #.#
...≈≈≈...#######.#
∩.≈≈≈≈†..........#
...≈≈≈...#######.#
#†..≈...## #.#
##.....## #@#
####### #S# ...
..... .......
#.......#
#.......#
#..$?$..#


You could see a water moccasin.

Vanquished Creatures
  3 adders
  A river rat (D:3)
  A dart slug (D:1)
  9 bats
  5 endoplasms
  A giant cockroach (D:2)
  3 goblins (D:2)
  2 hobgoblins (D:1)
  2 jackals (D:2)
  A quokka (D:1)
  5 ball pythons (D:1)
  2 frilled lizards
  8 kobolds
  4 rats
  A spectral goblin (D:1)
48 creatures vanquished.

Notes
Turn   | Place    | Note
-------+----------+-------------------------------------------
     0 | D:1      | zeram the Merfolk Fighter began the quest for the Orb.
     0 | D:1      | Reached XP level 1. HP: 18/18 MP: 1/1
   243 | D:1      | Reached skill level 4 in Polearms
   243 | D:1      | Reached XP level 2. HP: 24/24 MP: 2/2
   647 | D:1      | Found a faded altar of an unknown god.
   676 | D:1      | Reached skill level 5 in Polearms
   676 | D:1      | Reached XP level 3. HP: 29/29 MP: 3/3
  1404 | D:2      | Reached skill level 6 in Polearms
  1404 | D:2      | Reached XP level 4. HP: 20/35 MP: 4/4
  1945 | D:3      | Found a glowing drain.
  1963 | Sewer    | Entered a sewer
  2041 | Sewer    | Noticed a water moccasin
  2055 | Sewer    | Succumbed to a water moccasin's poison

Illustrated notes

Levels and vault maps discovered:
D:1:      wander_arrival_lonely_grave, layout_basic,
          dreamdust_ecumenical_altar_drowned_temple
D:2:      layout_rooms, minmay_cut_off
D:3:      layout_loops_ring, portal_sewer_entry_a, uniq_sigmund
Sewer:    sewer_big_baddie

Skill      XL: |  1  2  3 |
---------------+----------+-----
Polearms       | 4 5 6 |  6.7
Fighting       | |  3.2
Armour         | |  2.1
Shields        | |  3.0

Action                   |  1- 3 |  4- 6 || total
-------------------------+-------+-------++-------
Melee: Trident           |   113 |    69 ||   182
       Tailslap          |       |     2 ||     2
  Use: Scroll            |       |     5 ||     5
       Potion            |       |     1 ||     1
Armor: Scale mail        |    42 |    33 ||    75
Dodge: Dodged            |    31 |    22 ||    53
Block: Kite shield       |    52 |    34 ||    86
